 Dungeon Sprint DCSS version 0.27.1-15-g792fb953b9 (webtiles) character file.

Game seed: 9579017320751965143

134 boopmooplesden the Cleaver (level 8, -11/81 HPs)
             Began as a Minotaur Fighter on Nov 18, 2021.
             Was a Priest of Okawaru.
             Mangled by an earth elemental (25 damage)
             ... in the Dungeon (Sprint VI: "Thunderdome").
             The game lasted 00:02:48 (434 turns).

boopmooplesden the Cleaver (Minotaur Fighter)        Turns: 434, Time: 00:02:49

Health: -11/81     AC: 15    Str: 26    XL:     8   Next: 4%
Magic:  0/0        EV:  8    Int:  5    God:    Okawaru [***...]
Gold:   157        SH: 12    Dex: 10    Spells: 7/7 levels left

rFire    + + .     SeeInvis .   a - +0 war axe
rCold    + . .     Faith    .   c - +0 kite shield
rNeg     . . .     Spirit   +   v - +0 chain mail
rPois    +         Reflect  .   (helmet restricted)
rElec    .         Harm     .   p - +0 cloak
rCorr    +         Rampage  .   o - +0 pair of gloves
Will     .....     NoTele   +   (no boots)
Stlth    ..........             r - amulet "Amafon Abei" {Spirit rF+}
HPRegen  0.23/turn              q - ring "Paunit" {rPois rCorr MP-9 Str+3}
MPRegen  0.07/turn              t - ring "Gueworu" {rPois rF+ rC+}

@: no status effects
A: horns 2, retaliatory headbutt
a: Renounce Religion, Heroism


You were in the Dungeon.
You worshipped Okawaru.
Okawaru was most pleased with you.
You visited 1 branch You collected 400 gold pieces.
You spent 243 gold pieces at shops.

Inventory:

Hand Weapons
 a - a +0 war axe (weapon)
Armour
 b - a +0 scale mail
 c - a +0 kite shield (worn)
 o - a +0 pair of gloves (worn)
 p - a +0 cloak (worn)
 u - a +1 leather armour of cold resistance
 v - a +0 chain mail (worn)
Jewellery
 q - the ring "Paunit" (left hand) {rPois rCorr MP-9 Str+3}
   (You bought it in a shop in the Dungeon)

   [ring of resist corrosion]

   Str:       It affects your strength (+3).
   rPois:     It protects you from poison.
   MP:        It affects your magic capacity (-9).
   rCorr:     It protects you from acid and corrosion.
 r - the amulet "Amafon Abei" (around neck) {Spirit rF+}
   (You bought it in a shop in the Dungeon)

   [amulet of guardian spirit]

   It causes incoming damage to be divided between your reserves of health and
   magic.
   rF:        It protects you from fire.
 t - the ring "Gueworu" (right hand) {rPois rF+ rC+}
   (You bought it in a shop in the Dungeon)

   [ring of protection from cold]

   rF:        It protects you from fire.
   rC:        It protects you from cold.
   rPois:     It protects you from poison.
Wands
 l - a wand of acid (4)
 m - a wand of iceblast (4)
 s - a wand of flame (26)
Scrolls
 j - 4 scrolls of blinking
 n - 3 scrolls of fog
Potions
 d - a potion of might
 e - a potion of curing
 f - 2 potions of heal wounds
 g - 4 potions of haste
 h - 2 potions of magic
 i - a potion of berserk rage
 k - a potion of resistance


   Skills:
 + Level 10.7 Fighting
 + Level 11.2 Axes
 + Level 11.0 Armour
 + Level 2.6 Dodging
 + Level 10.3 Shields
 + Level 1.1 Evocations


You had 7 spell levels left.
You didn't know any spells.
Your spell library was empty.

Dungeon Overview and Level Annotations

Branches:
Dungeon (1/1)

Altars:
Cheibriados
Dithmenos
Fedhas
Gozag
Kikubaaqudgha
Makhleb
Okawaru
Qazlal
Ru
Sif Muna
Trog
Uskayaw
Vehumet
Wu Jian
Xom
Yredelemnul
Zin
The Shining One
Beogh
Jiyva
Lugonu

Shops:
D *[??*?*:[((!!!!


Innate Abilities, Weirdness & Mutations

You have a pair of horns on your head.
You reflexively headbutt those who attack you in melee.


Message History

v - a +0 chain mail You're already wearing that object!
You start removing your armour.
You continue taking off your +0 scale mail. x4
You finish taking off your +0 scale mail.
You start putting on your armour.
You continue putting on your +0 chain mail. x5
You finish putting on your +0 chain mail.
You start resting.
Get ready!
You start resting.
ROUND 4!
FIGHT!
You sense a tension in the east.
Items here: ( )) [ ††.
An earth elemental comes into view.
You block the earth elemental's attack.
You barely miss the earth elemental. You headbutt the earth elemental.
The earth elemental is lightly damaged.
You hit the earth elemental.
The earth elemental is lightly damaged.
The earth elemental hits you but does no damage.
You don't have enough magic capacity.
You slash the earth elemental!
Your headbutt misses the earth elemental.
The earth elemental is heavily damaged.
The earth elemental hits you!!
* * * LOW HITPOINT WARNING * * *
You hit the earth elemental but do no damage.
The earth elemental is moderately damaged.
You hit the earth elemental.
You headbutt the earth elemental, but do no damage.
The earth elemental is heavily damaged.
You block the earth elemental's attack.
You hit the earth elemental but do no damage.
You headbutt the earth elemental!
The earth elemental is severely damaged.
You barely miss the earth elemental.
The earth elemental is severely damaged.
The earth elemental hits you!!
You die...

#⌠...........⌠#
###.8.........8.######
__......###......___∩##
......8.# #.8........∩###
........###....)........##
.....###..†###..........⌠#
..[..# #.<.# #..........⌠#
....)###...###.....÷....⌠#
...)...[###....E@.......##
......8.# #.8........∩###
__......###......___∩##
###.8.........8.######
#⌠...........⌠#
###.........###
#_......._# #_......._#
#........_#


You could see an earth elemental.

Vanquished Creatures
  Joseph (D)
  Edmund (D)
  A water moccasin (D)
  A black bear (D)
  An orc warrior (D)
  4 scorpions (D)
  A hound (D)
  Jessica (D)
  An orc (D)
  2 ball pythons (D)
  An endoplasm (D)
  A hobgoblin (D)
  A kobold (D)
17 creatures vanquished.

Notes
Turn   | Place    | Note
-------+----------+-------------------------------------------
     0 | D        | boopmooplesden the Minotaur Fighter began the quest for the
                  | Orb.
     0 | D        | Reached XP level 1. HP: 19/19 MP: 0/0
     3 | D        | Found a hide-covered altar of Uskayaw.
     3 | D        | Found an opulent altar of Gozag.
     4 | D        | Found a burning altar of Makhleb.
     4 | D        | Found a shimmering altar of Xom.
     5 | D        | Found a shadowy altar of Dithmenos.
     5 | D        | Round 1.
     6 | D        | Found a corrupted altar of Lugonu.
     6 | D        | Found a basalt altar of Yredelemnul.
     6 | D        | Found Eghantuliy's Weapon Rack.
     6 | D        | Found Voiv's Premium Goods.
     7 | D        | Found Bedeo's Basic Armour.
     7 | D        | Found Liply's Miscellaneous Merchandise.
    15 | D        | Bought a +0 pair of gloves for 54 gold pieces
    15 | D        | Bought a +0 cloak for 54 gold pieces
    28 | D        | Found an ornate altar of the Wu Jian Council.
    29 | D        | Found a sacrificial altar of Ru.
    30 | D        | Found an iron altar of Okawaru.
    31 | D        | Found Biqiv's Identification Station.
    32 | D        | Found Cunu Gebb's Advanced Armour.
    32 | D        | Found Qaxt's Jewellery.
    33 | D        | Found a glowing golden altar of the Shining One.
    33 | D        | Found a bloodstained altar of Trog.
    33 | D        | Found a blossoming altar of Fedhas.
    37 | D        | Found a radiant altar of Vehumet.
    40 | D        | Bought a wavering jade ring for 45 gold pieces
    40 | D        | Identified the ring "Paunit" {rPois rCorr MP-9 Str+3} (You
                  | bought it in a shop in the Dungeon)
    40 | D        | Bought a shimmering emerald amulet for 45 gold pieces
    40 | D        | Identified the amulet "Amafon Abei" {Spirit rF+} (You
                  | bought it in a shop in the Dungeon)
    48 | D        | Noticed Jessica
    60 | D        | Killed Jessica
    61 | D        | Reached skill level 5 in Fighting
    61 | D        | Reached skill level 5 in Armour
    61 | D        | Reached skill level 5 in Shields
    61 | D        | Reached XP level 2. HP: 14/29 MP: 0/1
    65 | D        | Became a worshipper of Warmaster Okawaru
    73 | D        | Found a viscous altar of Jiyva.
    74 | D        | Found a shimmering blue altar of Sif Muna.
    74 | D        | Found Puhui's Magic Scroll Shop.
    74 | D        | Found Bojyraep's Staff Store.
    75 | D        | Found Jaapripa's Magic Scroll Shop.
    75 | D        | Found Ociq's Must-Have Magic.
    78 | D        | Reached XP level 3. HP: 19/36 MP: 0/2
    80 | D        | Found a stormy altar of Qazlal.
    81 | D        | Found an ancient bone altar of Kikubaaqudgha.
    83 | D        | Found a snail-covered altar of Cheibriados.
    83 | D        | Found a glowing silver altar of Zin.
    84 | D        | Found Qirot's Distillery.
    84 | D        | Found Damake's Do-It-Yourself Clinic.
    85 | D        | Found Boitro Doil's Distillery.
    85 | D        | Found Sanag's Bottled Wisdom.
   120 | D        | Arena points: 14 (+14) [x2]
   197 | D        | Round 2.
   198 | D        | Noticed a water moccasin
   205 | D        | Noticed a scorpion
   211 | D        | Killed a scorpion
   212 | D        | Reached XP level 4. HP: 36/45 MP: 0/3
   217 | D        | Killed a water moccasin
   217 | D        | Reached * piety under Okawaru
   218 | D        | Reached XP level 5. HP: 43/53 MP: 0/4
   234 | D        | Reached ** piety under Okawaru
   234 | D        | Arena points: 50 (+36) [x3]
   235 | D        | Reached XP level 6. HP: 53/63 MP: 0/5
   252 | D        | Bought a sparkling tin ring for 45 gold pieces
   252 | D        | Identified the ring "Gueworu" {rPois rF+ rC+} (You bought
                  | it in a shop in the Dungeon)
   275 | D        | Round 3.
   277 | D        | Noticed Edmund
   289 | D        | Killed Edmund
   295 | D        | Noticed Joseph
   311 | D        | Reached skill level 10 in Armour
   311 | D        | Reached XP level 7. HP: 23/71 MP: 0/6
   315 | D        | Reached skill level 10 in Fighting
   315 | D        | Reached skill level 1 in Dodging
   322 | D        | Killed Joseph
   322 | D        | Reached *** piety under Okawaru
   323 | D        | Reached skill level 10 in Axes
   323 | D        | Reached skill level 10 in Shields
   323 | D        | Reached skill level 1 in Evocations
   366 | D        | Reached XP level 8. HP: 17/81 MP: 0/7
   366 | D        | Arena points: 134 (+84) [x4]
   415 | D        | Round 4.
   434 | D        | Mangled by an earth elemental

Illustrated notes

Levels and vault maps discovered:
D:        arena_sprint

Skill      XL: |  1  2  3  4  5  6  7 |
---------------+----------------------+-----
Fighting       | 5 6 8 9 10 | 10.7
Axes           | 3 4 6 8 9 11 | 11.2
Armour         | 5 6 8 9 10 11 | 11.0
Shields        | 5 6 7 8 9 10 | 10.3
Dodging        | 2 |  2.6
Evocations     | 1 |  1.1

Action                   |  1- 3 |  4- 6 |  7- 9 || total
-------------------------+-------+-------+-------++-------
Melee: War axe           |    14 |    26 |    31 ||    71
       Headbutt          |     4 |     5 |     8 ||    17
Evoke: Wand              |     1 |     2 |       ||     3
  Use: Potion            |       |       |     2 ||     2
Armor: Scale mail        |     6 |    17 |     3 ||    26
       Chain mail        |       |       |     1 ||     1
Dodge: Dodged            |     4 |     7 |     9 ||    20
Block: Kite shield       |     9 |    19 |    15 ||    43
